← All builds
Tech / Armada / Economy first / OBSERVED BUILD

Standard tech

Armada Tech (Eco) build order · Supreme Isthmus

Rushes T2 by 4:15, gets Advanced Metal Extractor around 5:28, hands off T2 constructors to Geo and the team, then scales eco and supplies the team's T2 needs through the rest of the game.

Usually first T2 con to Geo (83%)

#eco #t2 #team support · 1579 distinct matches · 255 players · 58% of Armada Tech games · team won 53% of 1874 · Recently observed

HOW TO PLAY IT

Key timing: T2 factory by 4:15

  1. Open 3 mex and heavy wind to fund a fast T2 rush.
  2. Put down Bot Lab, planning to eat it for reclaim soon after.
  3. Get Advanced Bot Lab up, hitting the T2 factory rush timing.
  4. Upgrade mex to Advanced Metal Extractor to lock in team metal income.
  5. Eat Advanced Bot Lab and keep sending cons to Geo and Pond.

Phase by phase

TYPICAL OF ITS 1579 GAMES
  1. 1
  2. 2
  3. 3
  4. 4
PLAY THE OPENING

Follow the example game's first 6:00 step by step: what to build now, what comes next, and where it goes. At 1× it keeps pace with your own game.

  1. 1

    Up to the Bot Lab

    Economy
    • Metal Extractor3Mex
    • Wind Turbine4Wind
    Order
    1. Bot LabBot Lab after 3 mex, 4 winddone ~1:18, middle half 1:13–1:32

    Some games also: energy storage (31%)

    By 1:01 in all: 3 mex · 4 wind

    The example game in this phase · 3 steps
    1. Mex ×3
    2. Wind ×4
    3. Bot LabBot Labdone 1:13 · typical 1:18
  2. 2

    Bot Lab to Advanced Bot Lab

    Economy
    • Metal Extractor1Mex
    • Wind Turbine8Wind
    • Energy Storage1Energy storage
    Order
    1. Advanced Bot LabAdvanced Bot Lab after 4 mex, 12 wind, 3 con turretdone ~4:16, middle half 4:04–4:30
    Builders
    • Construction Turret3 Con turret
    • Lazarus3 Lazarus
    • Construction Bot2 Con bot
    • Construction Bot1 Con bot for allies

    Some games also: converter (36%)

    By 3:18 in all: 4 mex · 12 wind · 1 energy storage · 3 con turret

    The example game in this phase · 13 steps
    1. Wind
    2. LazarusLazarusfor Suicide front
    3. LazarusLazarus
    4. Wind ×2
    5. Construction BotCon botfor Suicide front
    6. Construction BotCon bot
    7. Wind
    8. Construction BotCon bot
    9. Con turret ×2
    10. PawnPawn ×2for Pond
    11. Mex
    12. Con turret
    13. Advanced Bot LabAdvanced Bot Labdone 4:02 · typical 4:16
  3. 3

    Advanced Bot Lab to 5:00

    Economy
    • Wind Turbine3Wind
    Order
    1. Bot LabEat Bot Lab
    Builders
    • Advanced Construction Bot1 T2 con bot for allies

    Some games also: converter (35%)

    By 5:00 in all: 4 mex · 15 wind · 1 converter · 1 energy storage · 3 con turret

    The example game in this phase · 11 steps
    1. Energy storage
    2. Wind
    3. Bot LabEat Bot Labreclaimed for its metal
    4. Converter
    5. Wind ×4
    6. Converter ×2
    7. Advanced Construction BotT2 con botfor Air
    8. Converter ×3
    9. Advanced Metal ExtractorT2 mexdone 5:15 · typical 5:29
    10. GunslingerGunslingernot finished by 15:00
    11. Advanced Metal ExtractorT2 mex
  4. 4

    5:00 to 10:00

    Economy
    • Wind Turbine43Wind
    • Energy Converter6Converter
    Builders
    • Butler9 Butler
    • Advanced Construction Bot4 T2 con bot for allies
    • Advanced Construction Bot1 T2 con bot

    Some games also: con turret (43%) · Butler for allies (36%)

    By 10:00 in all: 4 mex · 58 wind · 8 converter · 1 energy storage · 3 con turret

    The example game in this phase · 159 steps
    1. GunslingerGunslingerfor Suicide front
    2. Advanced Metal ExtractorT2 mex ×2
    3. Wind
    4. Advanced Construction BotT2 con botfor Geo sea
    5. Wind ×5
    6. ButlerButler
    7. Wind
    8. ButlerButler
    9. Wind
    10. Advanced Metal ExtractorT2 mex
    11. Wind ×2
    12. ButlerButler ×2
    13. Advanced Construction BotT2 con botfor Beach sea
    14. Wind ×2
    15. Solar
    16. Wind ×5
    17. Solar
    18. Wind ×2
    19. Solar
    20. Advanced Construction BotT2 con botfor Pond
    21. Wind ×7
    22. PlatypusPlatypus
    23. Wind
    24. Solar
    25. Wind
    26. ButlerButler
    27. Wind ×4
    28. ButlerButler
    29. Wind ×2
    30. ButlerButler
    31. Wind ×8
    32. ButlerButler
    33. Wind ×3
    34. SprinterSprinter
    35. Wind ×2
    36. SprinterSprinter
    37. Wind ×3
    38. SprinterSprinterfor Pond
    39. Wind ×3
    40. PlatypusPlatypusfor Geo sea
    41. Wind ×3
    42. PlatypusPlatypusfor Geo sea
    43. Wind ×2
    44. PlatypusPlatypusfor Geo sea
    45. Wind ×2
    46. PlatypusPlatypusfor Geo sea
    47. Wind ×3
    48. PlatypusPlatypusfor Geo sea
    49. Wind ×2
    50. PlatypusPlatypusfor Geo sea
    51. Wind ×8
    52. ButlerButler
    53. Wind
    54. Advanced Construction BotT2 con bot
    55. Wind ×3
    56. ButlerButler
    57. Con turret
    58. Wind ×3
    59. Con turret
    60. Wind
    61. ButlerButler
    62. Wind ×4
    63. Con turret
    64. Wind ×2
    65. Con turret
    66. Wind ×2
    67. Con turret
    68. Wind ×3
    69. Con turret
    70. Wind
    71. Converter
    72. Wind ×2
    73. Con turret
    74. Wind ×2
    75. Fusion ReactorFusiondone 13:11
    76. Wind
    77. Converter
    78. Con turret
    79. Wind ×4
    80. Converter
    81. Wind
    82. Converter
    83. Wind ×4
    84. Converter ×2
    85. Wind ×3
    86. Converter ×2
    87. Wind ×6
    88. Converter ×2
    89. Wind ×2
    90. Advanced Bot LabEat Advanced Bot Labreclaimed for its metal
    91. Wind
    92. Converter
    93. Wind
    94. Converter
    95. Wind
    96. Fusion ReactorFusion
    97. Wind
    98. Con turret
    99. Wind ×2
    100. Converter
    101. Wind
    102. Converter
    103. Wind ×3
    104. Converter
    105. Wind
    106. Fusion ReactorFusion
    107. Wind
    108. Converter
    109. Wind ×3
    110. Converter
    111. Wind
    112. Converter
    113. Wind ×2
    114. Converter
    115. Wind ×3
    116. Converter
    117. Wind ×2
    118. Converter
    119. Wind
    120. Converter
    121. Wind
    122. Converter
    123. Wind ×2
    124. Converter
    125. Wind
    126. Vehicle PlantVehicle Plantdone 14:15
    127. Wind ×2
    128. BlitzBlitz
    129. Converter
    130. Wind ×2
    131. BlitzBlitz
    132. Converter
    133. Wind
    134. BlitzBlitz ×2
    135. Wind ×2
    136. BlitzBlitz
    137. Wind
    138. BlitzBlitz
    139. Converter ×2
    140. Wind
    141. BlitzBlitz
    142. Wind ×2
    143. BlitzBlitz
    144. Wind
    145. BlitzBlitz
    146. Wind
    147. Converter
    148. BlitzBlitz
    149. Wind
    150. Converter
    151. BlitzBlitz
    152. Wind ×2
    153. BlitzBlitz
    154. Wind
    155. BlitzBlitz ×2
    156. Converter ×2
    157. BlitzBlitz
    158. Vehicle PlantVehicle Plantdone 14:56
    159. BlitzBlitz ×2

Counts are medians over the build's games: half of them build more, half fewer. The example game is I_pawngame_u's (37 OS, 13/10/2026); pick another.

Team trades

IN AT LEAST 30% OF ITS GAMES

You hand over

  • Construction Bot1 Con bot to Airfirst at 2:23 · in 84% of games
  • Advanced Construction Bot5 T2 con bot to Air or Geo sea or Pondfirst at 4:50 · in 99% of games
  • Butler2 Butler to Geo sea or Beach sea or Pondfirst at 9:07 · in 42% of games

You get

  • Hercules1 Light transport from Airfirst at 4:01 · in 86% of games

How it plays out

Typical game of this build, running totals by minute

Metal produced

020k40k
0:005:0010:0015:00

metal

Enemy metal destroyed

050100
0:005:0010:0015:00

metal

Own metal lost

050100150
0:005:0010:0015:00

metal

1874 games.

Show as table
ByMetal produced: This buildEnemy metal destroyed: This buildOwn metal lost: This build
1:0038300
2:0091500
3:00165100
4:00314400
5:00484700
6:00580000
7:00722700
8:00906100
9:001117300
10:001350300
11:001624200
12:001965600
13:002344500
14:0027362073
15:003154285130
WHAT THE NUMBERS SAY

Standard Tech play barely fights at all early, instead pouring metal into T2 infrastructure and constructors for the team.

  • + Metal produced hits 31679 by 15:00, by far the highest of any role here.
  • + T2 factory reached in 97% of games by 4:15, fastest and most reliable T2 timing.
  • − Enemy metal destroyed stays at 0 through 10:00, no early offense at all.
  • − Own metal lost also near 0, showing total avoidance of combat risk.
THE EXAMPLE YOU ARE READING

I_pawngame_u

37.3 OS · 13/10/2026

Open source match ↗

96 received units · includes a constructor
1151 metal received · 80433 energy received

Allied construction assistance is unknown. Timings are observations, not a promise of solo reproducibility.

Typical milestones

Bot Lab1:18Middle 50%: 1:13–1:32 · n=1874
Advanced Bot Lab4:16Middle 50%: 4:04–4:30 · n=1867
Advanced Metal Extractor5:29Middle 50%: 5:05–5:59 · n=1870

Played most by

Amrissa93games of this buildTheGeneraI66games of this buildAdeus57games of this buildEl_Turco56games of this buildKOT_43games of this build
Standard tech · Armada Tech (Eco) build order · BAR Build Atlas